 Dungeon Crawl Stone Soup version 0.27.1-33-g824d729ab1 (webtiles) character file.

Game seed: 15321205810874930451

1990 jiml777 the Chopper (level 9, -2/54 HPs)
             Began as a Gargoyle Fighter on Dec 10, 2021.
             Hit by a large rock thrown by a cyclops (31 damage)
             ... on level 7 of the Dungeon on Dec 11, 2021.
             The game lasted 00:28:20 (8181 turns).

jiml777 the Chopper (Gargoyle Fighter)              Turns: 8181, Time: 00:28:20

Health: -2/54      AC: 19    Str: 23    XL:     9   Next: 21%
Magic:  9/9        EV:  5    Int:  9    God:
Gold:   244        SH: 10    Dex:  9    Spells: 8/8 levels left

rFire    . . .     SeeInvis .   a - +2 war axe
rCold    . . .     Faith    .   c - +0 kite shield
rNeg     + . .     Spirit   .   i - +0 plate armour
rPois    ∞         Reflect  .   (no helmet)
rElec    +         Harm     .   (no cloak)
rCorr    .         Rampage  .   (no gloves)
Will     +....                  (no boots)
Stlth    ..........             m - amulet of magic regeneration
HPRegen  0.18/turn              e - ring of willpower
MPRegen  0.36/turn              (no ring)

@: mighty
A: sickness immunity, AC +6, negative energy resistance 1, electricity
resistance, torment resistance 1, petrification resistance
a: no special abilities


You were on level 7 of the Dungeon.
You visited 2 branches of the dungeon, and saw 8 of its levels.

You collected 244 gold pieces.

Inventory:

Hand Weapons
 a - a +2 war axe (weapon)
 A - a +0 flail of protection
Missiles
 g - 73 sling bullets
 j - 3 curare-tipped darts (quivered)
 k - 167 stones
 n - 80 arrows
 o - 2 datura-tipped darts
 B - 2 throwing nets
Armour
 b - a +0 scale mail
 c - a +0 kite shield (worn)
 i - a +0 plate armour (worn)
Magical Staves
 y - a staff of earth
Jewellery
 e - a ring of willpower (left hand)
 m - an amulet of magic regeneration (around neck)
Wands
 d - a wand of paralysis (5)
 w - a wand of flame (15)
Scrolls
 u - 2 scrolls of teleportation
 z - a scroll of identify
Potions
 f - a potion of flight
 h - a potion of mutation
 r - a potion of lignification {unknown}
 s - a potion of resistance
 x - a potion of heal wounds {unknown}


   Skills:
 + Level 5.2 Fighting
 + Level 7.3 Axes
 + Level 5.8 Armour
 + Level 0.4 Dodging
 + Level 0.6 Stealth
 + Level 6.6 Shields
 * Level 3.2 Evocations


You had 8 spell levels left.
You didn't know any spells.
Your spell library contained the following spells:

 Spells                   Type           Power      Damage    Failure   Level
 Sandblast                Erth           0%         2d4       100%        1
 Passwall                 Tmut/Erth      0%         N/A       100%        2
 Conjure Flame            Conj/Fire      0%         6-21      100%        3
 Ignite Poison            Fire/Tmut/Pois 0%         N/A       100%        3
 Petrify                  Tmut/Erth      0%         N/A       100%        4
 Sticky Flame             Conj/Fire      0%         2d3       100%        4
 Irradiate                Conj/Tmut      0%         3d13      100%        5
 Lee's Rapid Deconstruct  Erth           0%         3d5*      100%        5
 Sublimation of Blood     Necr           Unusable   N/A       N/A         2

Dungeon Overview and Level Annotations

Branches:
Dungeon (7/15)             Temple (1/1) D:5

Altars:
Ashenzari
Cheibriados
Dithmenos
Elyvilon
Fedhas
Hepliaklqana
Kikubaaqudgha
Makhleb
Nemelex Xobeh
Okawaru
Qazlal
Ru
Sif Muna
Trog
Uskayaw
Vehumet
Wu Jian
Xom
Yredelemnul


Innate Abilities, Weirdness & Mutations

You are immune to sickness and miasma.
Your stone body is resilient. (AC +6)
You are immune to poison.
You resist negative energy. (rN+)
You are resistant to electric shocks. (rElec)
You are resistant to unholy torment.
You are immune to petrification.


Message History

The ogre is lightly wounded.
You block the ogre's attack.
You completely miss the ogre.
The ogre is lightly wounded.
You block the ogre's attack.
You slash the ogre!
The ogre is moderately wounded.
The ogre barely misses you.
You slash the ogre!
The ogre is almost dead.
You block the ogre's attack.
You hit the ogre.
The ogre is almost dead.
The ogre hits you but does no damage.
You slice the ogre!!
You kill the ogre!
You start resting.
HP restored.
Done exploring.
There is a stone staircase leading up here.
There is a stone staircase leading down here.
You climb downwards.
Found 4 curare-tipped darts.
There is a stone staircase leading up here.
You see here 4 curare-tipped darts.
j - 4 curare-tipped darts
Found a quarterstaff.
The cyclops shouts!
You hear a shout!
The cyclops throws a large rock.
The large rock hits you!!
Throw: 4 darts (curare)
Press: ? - help, Q - select action, (/) - cycle Shift-Dir - straight line, f - cyclops
Aim: a cyclops, quivering large rocks (84% to hit)
You throw a curare-tipped dart.
The curare-tipped dart hits the cyclops.
The cyclops is poisoned.
The cyclops convulses.
The cyclops seems to slow down.
The cyclops is lightly wounded.
You feel very mighty all of a sudden.
The cyclops throws a large rock.
The large rock hits you!!
Ouch! That really hurt!
You die...

#......## #.....<## ..##..
##......# ...... ##....##
.).... #...##
#............... #...##
##................
##...###.................
##......#..#..............
#.........@.#..............
#......#####.........C.....
#......##
.#...8.8.......... ###.....
.....C............ #.....
.....8............ ##..#
#............... ###
##...<..#..###.>
#.......##..# . #......##
..#


You could see a cyclops (very poisoned, slow).

Vanquished Creatures
  2 water moccasins (D:6)
  A sky beast (D:6)
  An ice beast (D:5)
  6 ogres
  A phantom (D:5)
  3 scorpions
  A wyvern zombie (D:6)
  A wyvern skeleton (D:6)
  A crimson imp (D:3)
  A centaur zombie (D:5)
  A jelly (D:5)
  7 hounds
  A centaur skeleton (D:4)
  2 gnoll shamans
  Ijyb (D:5)
  2 iguanas (D:6)
  A howler monkey zombie (D:5)
  12 gnolls
  A river rat (D:3)
  5 adders
  An ufetubus (D:5)
  8 orcs
  2 ball pythons (D:3)
  7 bats
  An endoplasm (D:3)
  3 giant cockroaches
  7 goblins
  2 hobgoblins
  5 jackals
  4 kobolds
  2 quokkas
  5 frilled lizards
  6 rats
  A spectral orc (D:3)
105 creatures vanquished.

Notes
Turn   | Place    | Note
-------+----------+-------------------------------------------
     0 | D:1      | jiml777 the Gargoyle Fighter began the quest for the Orb.
     0 | D:1      | Reached XP level 1. HP: 14/14 MP: 1/1
    36 | D:1      | You fall into a shaft and drop 1 floor!
   197 | D:2      | Found an ancient bone altar of Kikubaaqudgha.
   317 | D:2      | Reached XP level 2. HP: 13/19 MP: 2/2
   980 | D:2      | Reached skill level 2 in Axes
  1018 | D:2      | Reached XP level 3. HP: 22/23 MP: 3/3
  1465 | D:3      | Found a basalt altar of Yredelemnul.
  1497 | D:3      | HP: 1/23 [adder (2)]
  1800 | D:3      | Reached XP level 4. HP: 25/28 MP: 4/4
  1936 | D:3      | Found a shimmering altar of Xom.
  1936 | D:3      | Found a burning altar of Makhleb.
  2009 | D:3      | Reached skill level 3 in Axes
  2024 | D:3      | Reached XP level 5. HP: 23/33 MP: 5/5
  2634 | D:4      | Found an iron altar of Okawaru.
  2645 | D:4      | Reached skill level 4 in Axes
  2712 | D:4      | Reached XP level 6. HP: 28/38 MP: 6/6
  3071 | D:4      | HP: 1/38 [ogre (12)]
  3594 | D:4      | Reached skill level 5 in Axes
  3594 | D:4      | Reached skill level 5 in Shields
  3594 | D:4      | Reached XP level 7. HP: 37/43 MP: 7/7
  4018 | D:5      | Entered Level 5 of the Dungeon
  4056 | D:5      | Reached skill level 1 in Evocations
  4095 | D:5      | Found a staircase to the Ecumenical Temple.
  4096 | D:5      | Noticed Ijyb
  4175 | D:5      | Killed Ijyb
  4232 | Temple   | Entered the Ecumenical Temple
  4916 | D:5      | Found a shadowy altar of Dithmenos.
  5622 | D:5      | Reached skill level 5 in Armour
  5622 | D:5      | Reached XP level 8. HP: 41/48 MP: 8/8
  5891 | D:5      | Found a shimmering blue altar of Sif Muna.
  6005 | D:5      | Reached skill level 6 in Axes
  6753 | D:6      | Reached skill level 5 in Fighting
  6753 | D:6      | Reached skill level 7 in Axes
  6753 | D:6      | Reached XP level 9. HP: 46/54 MP: 9/9
  8072 | D:7      | Noticed a cyclops
  8181 | D:7      | Hit by a large rock thrown by a cyclops

Illustrated notes

Levels and vault maps discovered:
D:1:      dpeg_arrival_leaves_temple_mockup, layout_rooms, serial_glass,
          glass_columns_b, glass_columns_a,
          hellmonk_ecumenical_altar_prayer_group
D:2:      layout_basic, basic_altar, st_stairs_7, minivault_26
D:3:      layout_loops_ring, grunt_temple_overflow_champion_of_chaos,
          yredelemnul_forgotten_temple_becter, portal_sewer_entry_c
D:4:      kennysheep_the_goblin_king, layout_loops_ring,
          kennysheep_okawaru_gauntlet, kennysheep_generic_room_11
D:5:      layout_loops_ring, lemuel_blue_sif_altar,
          grunt_dithmenos_smoke_and_mirrors, temple_pool_b, uniq_ijyb
D:6:      layout_rooms
D:7:      layout_cave_pools, serial_column_ruins, column_ruins_circle_medium,
          column_ruins_hut_ruined, column_ruins_grid_1, column_ruins_grid_3,
          column_ruins_columns_corner, column_ruins_open_small_water,
          kennysheep_generic_room_10, uniq_duvessa, uniq_harold
Temple:   dshaligram_water_room_temple

Skill      XL: |  1  2  3  4  5  6  7  8 |
---------------+-------------------------+-----
Axes           | 2 3 4 5 7 |  7.3
Shields        | 4 5 6 |  6.6
Armour         | 4 5 |  5.8
Fighting       | 4 5 |  5.2
Evocations     | 1 3 |  3.2
Dodging        | |  0.4
Stealth        | |  0.6

Action                   |  1- 3 |  4- 6 |  7- 9 || total
-------------------------+-------+-------+-------++-------
Melee: War axe           |   152 |   141 |   258 ||   551
Throw: Dart              |       |       |     1 ||     1
  Use: Potion            |     2 |     1 |     2 ||     5
       Scroll            |       |       |    11 ||    11
Armor: Plate armour      |   149 |   139 |   165 ||   453
       Scale mail        |     4 |       |       ||     4
Dodge: Dodged            |    42 |    34 |    39 ||   115
Block: Kite shield       |   106 |   105 |   144 ||   355
